 Dungeon Crawl Stone Soup version 0.25-a0-67-g7dccc1bee0 (webtiles) character file.

Game seed: 7597795302489350402, levelgen mode: deterministic

12659 Gargoyl the Nimble (level 11, -10/91 HPs)
             Began as a Grey Draconian Abyssal Knight on Nov 2, 2019.
             Was a High Priest of Lugonu.
             Killed from afar by Ylyqemot's ghost (37 damage)
             ... with a fireball
             ... on level 1 of the Lair of Beasts.
             The game lasted 00:21:22 (13972 turns).

Gargoyl the Nimble (Grey Draconian Abyssal Knight) Turns: 13972, Time: 00:21:23

Health: -10/91     AC: 22    Str: 19    XL:     11   Next: 65%
Magic:  17/17      EV: 22    Int: 12    God:    Lugonu [*****.]
Gold:   214        SH:  6    Dex: 21    Spells: 10/10 levels left

rFire    . . .     SeeInvis .   p - +3 dagger "Kebuasm" {pierce, rC+ Dex+4}
rCold    + . .     Gourm    .   v - +0 buckler of Fortification {Str+2 Dex+5} (curse)
rNeg     . . .     Faith    .   (armour unavailable)
rPois    .         Spirit   .   (helmet restricted)
rElec    .         Reflect  .   G - +2 cloak {+Inv}
rCorr    .         Harm     .   A - +2 pair of gloves
MR       .....                  m - +0 pair of boots
Stlth    +++.......             I - amulet of rage
HPRegen  0.25/turn              d - +3 ring of protection
MPRegen  0.15/turn              B - ring of flight

@: lethally poisoned (-10 -> -15)
A: walk through water, unfitting armour, stinger 1, unbreathing, cold-blooded,
AC +12
a: Depart the Abyss, Bend Space, Banish, Corrupt, Enter the Abyss, Renounce
Religion, Evoke Berserk Rage, Evoke Invisibility, Evoke Flight


You were on level 1 of the Lair of Beasts.
You worshipped Lugonu.
Lugonu was extremely pleased with you.
You were not hungry.

You visited 2 branches of the dungeon, and saw 11 of its levels.
You visited the Abyss 1 time.
You also visited: Ossuary.

You collected 802 gold pieces.
You spent 588 gold pieces at shops.

Inventory:

Hand Weapons
 a - a +2 hand axe
 p - the +3 dagger "Kebuasm" (weapon) {pierce, rC+ Dex+4}
   (You found it on level 4 of the Dungeon)

   It inflicts extra damage upon your enemies.
   It affects your dexterity (+4).
   It protects you from cold.
 r - a +0 war axe
 x - a +3 vampiric hand axe
Missiles
 q - 17 boomerangs (quivered)
 E - 2 javelins
Armour
 m - a +0 pair of boots (worn)
 v - the cursed +0 buckler of Fortification (worn) {Str+2 Dex+5}
   (You bought it in a shop on level 6 of the Dungeon)

   It affects your strength (+2).
   It affects your dexterity (+5).
   It has a curse placed upon it.
 A - a +2 pair of gloves (worn)
 G - a +2 cloak of invisibility (worn)
Jewellery
 d - a +3 ring of protection (left hand)
 B - a ring of flight (right hand)
 I - an amulet of rage (around neck)
Wands
 h - a wand of flame (45)
 l - a wand of disintegration (10)
 y - a wand of random effects (23)
 z - a wand of iceblast (8)
 D - a wand of enslavement (19)
 F - a wand of polymorph (22)
 H - a wand of acid (8)
Scrolls
 c - 4 scrolls of identify
 f - 6 scrolls of teleportation
 g - a scroll of magic mapping
 o - 5 scrolls of remove curse
Potions
 e - 4 potions of lignification
 i - 2 potions of invisibility
 j - 3 potions of agility
 k - 8 potions of curing
 n - 5 potions of flight
 s - a potion of mutation
 t - a potion of ambrosia
 u - 3 potions of brilliance
 w - a potion of might
Comestibles
 b - 24 rations


   Skills:
 + Level 6.5 Fighting
 + Level 8.5 Short Blades
 + Level 3.9 Axes
 + Level 1.1 Throwing
 * Level 10.7 Dodging
 + Level 4.7 Stealth
 + Level 4.8 Shields
 * Level 8.8 Invocations


You had 10 spell levels left.
You didn't know any spells.
Your spell library contained the following spells:

 Spells                   Type           Power        Failure   Level  Hunger
 Irradiate                Conj/Tmut      #.........   100%        5    ######.
 Hydra Form               Tmut           #.........   100%        6    #######
 Statue Form              Tmut/Erth      #........    100%        6    #######
 Dragon Form              Tmut           #.........   100%        7    #######


Dungeon Overview and Level Annotations

Branches:
Dungeon (10/15)            Temple (0/1) D:7            Lair (1/6) D:10
Ossuary (visited)
    Orc: D:9-12

Altars:
Ashenzari
Cheibriados
Dithmenos
Elyvilon
Kikubaaqudgha
Nemelex Xobeh
Qazlal
Sif Muna
Trog
Uskayaw
Vehumet
Wu Jian
Zin

Shops:
D:4 (   D:6 [   D:7 %   D:10 [%

Annotations:
Lair:1 Ylyqemot's ghost, journeyman DEFE


Innate Abilities, Weirdness & Mutations

You can walk through water.
Your dull iron-grey scales are very hard. (AC +12)
You cannot fit into any form of body armour.
You can survive without breathing.
You are cold-blooded and may be slowed by cold attacks.
Your tail ends in a poisonous barb.


Message History

The killer bee is severely wounded.
You feel sick.
The killer bee stings you but does no damage.
You puncture the killer bee!
You kill the killer bee!
Lugonu accepts your kill.
You feel sick.
Ylyqemot's ghost points at you and mumbles some strange words.
The flame tongue hits you!
You feel sick.
Ylyqemot's ghost gestures at you while chanting.
The fireball explodes!
The fireball engulfs you!!!
* * * LOW HITPOINT WARNING * * *
You see here a killer bee corpse.
* * * LOW HITPOINT WARNING * * *
You feel sick.
You feel much better.
You feel sick. Ylyqemot's ghost casts a spell at you.
The fireball explodes!
The fireball engulfs you!!!
You die...

##.##P##.##.##### #
###.......©.......##
#...#############..##
#(.#####..©..#####..#
#.###...#...#.#.###.#
###.##..#..###%.#..##.#
####...###...#...#...###.###
#..##...#####.(#..#####....#
.......###...#W†@#...###..##
.......##..#..###..#..##...#
.......###...#)..#...###..##
........#####}y©:$#####...#
#........#############....#
#..............©.......#.##
#........##P.............#
#P.......##.............##
##......................#


You could see Ylyqemot's ghost.

Vanquished Creatures
  Snorg (D:10)
  Pikel (D:9)
  3 centaur zombies
  Joseph (D:7)
  3 spiny frogs (Lair:1)
  A troll (D:10)
  A queen bee (Lair:1)
  A hornet (Lair:1)
  A hippogriff (D:9)
  A spriggan (D:9)
  8 yaks
  A basilisk (Lair:1)
  Grum (D:8)
  A hungry ghost (D:4)
  5 vampire mosquitoes (D:10)
  Menkaure (D:7)
  An insubstantial wisp (D:10)
  3 water moccasins
  A porcupine (Lair:1)
  3 orc warriors
  5 ice beasts
  2 slaves (D:9)
  2 sky beasts
  An eye of draining (D:6)
  A black bear (D:9)
  A necrophage (D:10)
  3 ogres
  2 phantoms
  2 centaurs
  7 wolves
  3 crocodiles
  4 big kobolds
  3 bullfrogs
  A water moccasin zombie (Ossuary)
  13 killer bees
  3 wights (D:10)
  4 howler monkeys
  3 electric eels (D:10)
  3 crimson imps
  11 hounds
  3 quasits
  A bullfrog skeleton (D:9)
  3 jellies
  4 orc priests
  A centaur skeleton (D:5)
  Jessica (D:2)
  Natasha (D:2)
  2 iguanas
  4 orc wizards
  7 worker ants
  2 big kobold zombies (Ossuary)
  A hound skeleton (D:7)
  2 mummies (Ossuary)
  A worker ant zombie (D:6)
  10 gnolls
  10 adders
  A shadow imp (D:5)
  2 oozes
  2 adder skeletons
  4 adder zombies (Ossuary)
  A worm (D:3)
  4 dart slugs
  3 leopard geckos
  34 orcs
  3 bats (D:3)
  7 giant cockroaches
  8 goblins
  6 hobgoblins
  9 jackals
  21 kobolds
  4 quokkas
  2 ball pythons (D:2)
  2 frilled lizards (D:3)
  A giant cockroach zombie (D:5)
  2 gnoll zombies (Ossuary)
  4 hobgoblin zombies (Ossuary)
  10 kobold zombies (Ossuary)
  4 orc zombies (Ossuary)
  6 rats
306 creatures vanquished.

Vanquished Creatures (others)
  The ghost of zx48k the Thaumaturge, a novice GnWz of Gozag (D:9)
  A slave (D:9)
  2 kobolds (D:10)
4 creatures vanquished.

Grand Total: 310 creatures vanquished

Notes
Turn   | Place    | Note
-------+----------+-------------------------------------------
     0 | Abyss:1  | Gargoyl the Draconian Abyssal Knight began the quest for
                  | the Orb.
     0 | Abyss:1  | Reached XP level 1. HP: 19/19 MP: 2/2
    43 | Abyss:1  | Noticed a smoke demon
    46 | D:1      | Escaped the Abyss
   159 | D:1      | Reached XP level 2. HP: 26/26 MP: 3/3
   162 | D:1      | Reached * piety under Lugonu
   568 | D:2      | Noticed Jessica
   580 | D:2      | Killed Jessica
   580 | D:2      | Reached XP level 3. HP: 25/33 MP: 4/4
   844 | D:2      | Reached skill level 3 in Dodging
   844 | D:2      | Reached XP level 4. HP: 35/40 MP: 5/5
  1204 | D:2      | Noticed Natasha
  1216 | D:2      | Killed Natasha
  1241 | D:2      | Found a radiant altar of Vehumet.
  1293 | D:3      | Found a snail-covered altar of Cheibriados.
  1295 | D:3      | Found a hide-covered altar of Uskayaw.
  1296 | D:3      | Found a shimmering blue altar of Sif Muna.
  1296 | D:3      | Found a stormy altar of Qazlal.
  1296 | D:3      | Found a shattered altar of Ashenzari.
  1297 | D:3      | Found an ancient bone altar of Kikubaaqudgha.
  1328 | D:3      | Found a bloodstained altar of Trog.
  1365 | D:3      | Reached ** piety under Lugonu
  1365 | D:3      | Reached XP level 5. HP: 21/46 MP: 5/7
  2165 | D:4      | Got a steaming dagger
  2166 | D:4      | Identified the +3 dagger "Kebuasm" {pierce, rC+ Dex+4} (You
                  | found it on level 4 of the Dungeon)
  2476 | D:4      | Reached XP level 6. HP: 40/53 MP: 8/8
  2592 | D:4      | Reached skill level 1 in Stealth
  2597 | D:4      | Reached skill level 1 in Short Blades
  2919 | D:4      | Found Laxtoy's Weapon Emporium.
  2965 | D:4      | Found a glowing silver altar of Zin.
  3163 | D:4      | Reached skill level 4 in Dodging
  3583 | D:4      | Your scales start taking on a dull iron-grey colour.
  3583 | D:4      | Reached XP level 7. HP: 58/60 MP: 9/9
  3583 | D:4      | Gained mutation: You can survive without breathing. [Grey
                  | Draconian growth]
  3623 | D:4      | Noticed a hungry ghost
  3641 | D:4      | Killed a hungry ghost
  3685 | D:5      | Entered Level 5 of the Dungeon
  3774 | D:5      | Reached *** piety under Lugonu
  4258 | D:5      | Reached skill level 5 in Dodging
  4776 | D:6      | Reached skill level 5 in Fighting
  4776 | D:6      | Reached XP level 8. HP: 57/68 MP: 11/11
  5002 | D:6      | Reached skill level 6 in Dodging
  5002 | D:6      | Reached skill level 5 in Invocations
  5178 | D:6      | Found Paixeeb's Antique Armour Shoppe.
  5223 | D:6      | Found a sand-covered staircase.
  5232 | Ossuary  | Entered an ossuary
  5324 | Ossuary  | Reached **** piety under Lugonu
  5505 | D:6      | Bought a bloodstained buckler for 228 gold pieces
  5510 | D:6      | Identified the cursed +0 buckler of Fortification {Str+2
                  | Dex+5} (You bought it in a shop on level 6 of the Dungeon)
  5713 | D:6      | Reached skill level 5 in Short Blades
  5725 | D:6      | Reached XP level 9. HP: 74/74 MP: 13/13
  6071 | D:7      | Found Mohiykk's Food Shoppe.
  6101 | D:7      | Noticed Menkaure
  6115 | D:7      | Killed Menkaure
  6195 | D:7      | Reached skill level 7 in Dodging
  6480 | D:7      | Found a staircase to the Ecumenical Temple.
  7013 | D:7      | Noticed Joseph
  7062 | D:7      | Killed Joseph
  7062 | D:7      | Reached skill level 1 in Shields
  7451 | D:6      | Bought a pair of runed gloves for 180 gold pieces
  7822 | D:8      | Reached skill level 8 in Dodging
  7967 | D:8      | Noticed Grum
  8032 | D:8      | Reached XP level 10. HP: 33/83 MP: 14/14
  8053 | D:8      | Killed Grum
  9121 | D:9      | Noticed Pikel
  9200 | D:9      | Killed Pikel
  9238 | D:9      | Reached skill level 9 in Dodging
  9594 | D:9      | Found a runed translucent gate.
  9594 | D:9      | Found a runed translucent gate.
  9595 | D:9      | Found a runed translucent gate.
  9603 | D:9      | Noticed zx48k's ghost (novice GnWz)
  9641 | D:9      | Reached ***** piety under Lugonu
  9954 | D:9      | Banished zx48k's ghost
 10289 | D:9      | Found a white marble altar of Elyvilon.
 10472 | D:6      | Bought a runed cloak for 180 gold pieces
 10692 | D:10     | Entered Level 10 of the Dungeon
 10784 | D:10     | Reached XP level 11. HP: 78/89 MP: 16/16
 11215 | D:10     | Found a staircase to the Lair.
 11727 | D:10     | Reached skill level 10 in Dodging
 12170 | D:10     | Found Botzam's Armour Emporium.
 12171 | D:10     | Found Vamesm's Food Emporium.
 12202 | D:9      | Found an ornate altar of the Wu Jian Council.
 12202 | D:9      | Found a shadowy altar of Dithmenos.
 12202 | D:9      | Found a sparkling altar of Nemelex Xobeh.
 12290 | D:10     | Noticed Snorg
 12345 | D:10     | Killed Snorg
 12345 | D:10     | Reached skill level 1 in Throwing
 12611 | D:10     | Gained mutation: Your tail ends in a poisonous barb.
                  | [potion of mutation]
 12611 | D:10     | Gained mutation: Your mind is acute. (Int +2) [potion of
                  | mutation]
 12612 | D:10     | Lost mutation: Your tail ends in a poisonous barb. [potion
                  | of mutation]
 12612 | D:10     | Lost mutation: Your mind is acute. (Int +2) [potion of
                  | mutation]
 12612 | D:10     | Gained mutation: Your magical capacity is low. (-10% MP)
                  | [potion of mutation]
 12612 | D:10     | Lost mutation: Your magical capacity is low. (-10% MP)
                  | [potion of mutation]
 12612 | D:10     | Gained mutation: Your tail ends in a poisonous barb.
                  | [potion of mutation]
 12649 | Lair:1   | Entered Level 1 of the Lair of Beasts
 12883 | Lair:1   | Found a transporter.
 13239 | Lair:1   | Noticed Ylyqemot's ghost (journeyman DEFE)
 13243 | Lair:1   | Found a transporter.
 13971 | Lair:1   | HP: 4/91 [poisoned by a queen bee]
 13972 | Lair:1   | Killed from afar by Ylyqemot's ghost

Levels and vault maps discovered:
D:1:      mrwooster_arrival_statue_2, layout_loops_ring, minmay_tromino_v7
D:2:      layout_rooms, marbit_many_paths, uniq_jessica, uniq_natasha
D:3:      layout_basic, grunt_temple_overflow_open, bloody_trog, first_ration
D:4:      layout_basic, lemuel_crystal_altar, serial_shops, kennysheep_mini
D:5:      wad_pebble_path, layout_basic, serial_park_tiny_2
D:6:      layout_gridville, portal_sewer_entry_d, chequers_ossuary_entry_cave,
          serial_shops, nicolae_shop_crystal
D:7:      layout_layer_cave, temple_pool_b, serial_shops, nicolae_shop_stone,
          uniq_joseph, uniq_menkaure
D:8:      layout_basic, uniq_grum
D:9:      layout_loops_ring, nicolae_overflow_hidden_temple,
          ebering_ghost_rock_garden, the_bakery, minmay_joined_circles,
          uniq_pikel
D:10:     layout_roguey, erik_lair_island, serial_shops, shop, shop,
          chequers_garden, minmay_misc_feat_diagonals, pond, uniq_snorg
Lair:1:   layout_cave_pods, gammafunk_ghost_hive

Skill      XL: |  1  2  3  4  5  6  7  8  9 10 11 |
---------------+----------------------------------+-----
Fighting       | 4 5 6 |  6.5
Dodging        | 3 4 5 6 8 9 10 | 10.7
Axes           | 3 |  3.9
Invocations    | 3 4 5 6 7 8 |  8.8
Stealth        | 1 2 3 4 |  4.7
Short Blades   | 1 3 5 6 7 8 |  8.5
Shields        | 2 4 |  4.8
Throwing       | 1 |  1.1

Action                   |  1- 3 |  4- 6 |  7- 9 | 10-12 || total
-------------------------+-------+-------+-------+-------++-------
Melee: Hand axe          |    52 |    88 |       |       ||   140
       Tailslap          |     5 |    26 |   148 |   205 ||   384
       Dagger            |       |   134 |   794 |   926 ||  1854
Throw: Boomerang         |       |       |     5 |    15 ||    20
Invok: Depart the Abyss  |     1 |       |       |       ||     1
       Banish            |       |       |       |     2 ||     2
  Use: Scroll            |     1 |     3 |    12 |     8 ||    24
       Potion            |     1 |       |     1 |     4 ||     6
 Stab: Sleeping          |     1 |     2 |     5 |     9 ||    17
       Distracted        |       |       |     1 |     1 ||     2
  Eat: Chunk             |       |     8 |    11 |    15 ||    34
       Ration            |       |       |     2 |     2 ||     4
Armor: Skin              |    15 |    81 |   211 |   174 ||   481
Dodge: Dodged            |    33 |   164 |   464 |   573 ||  1234
Block: Buckler           |       |       |    78 |   170 ||   248

Table legend:
 A = Non-vault XP
 B = Vault XP
 C = Vault XP percentage of total XP
 D = Non-vault monster count
 E = Vault monster count
 F = Vault count percentage of total count
                 A         B        C        D         E       F
            +---------+---------+-------+---------+---------+-------
      Total |   10373 |    7712 |  42.6 |     227 |      78 |  25.6
            +---------+---------+-------+---------+---------+-------
        D:1 |      20 |       6 |  23.1 |       9 |       3 |  25.0
        D:2 |      57 |      75 |  56.8 |      11 |       3 |  21.4
        D:3 |      89 |       0 |   0.0 |      24 |       0 |   0.0
        D:4 |     677 |       0 |   0.0 |      29 |       0 |   0.0
        D:5 |     456 |       0 |   0.0 |      23 |       0 |   0.0
        D:6 |    1474 |      13 |   0.9 |      28 |       1 |   3.4
        D:7 |     502 |     603 |  54.6 |      12 |       2 |  14.3
        D:8 |    1712 |     516 |  23.2 |      33 |       4 |  10.8
        D:9 |    1608 |    2401 |  59.9 |      15 |      16 |  51.6
       D:10 |    1191 |    3055 |  72.0 |      32 |      14 |  30.4
     Lair:1 |    2587 |     832 |  24.3 |      11 |       6 |  35.3
    Ossuary |       0 |     211 | 100.0 |       0 |      29 | 100.0
            +---------+---------+-------+---------+---------+-------
